3104 views
Uploaded 2020-03-17 22:06:10
Game version 1.32.2
7:18 long 4on4 ladder game on (8)GoldRush
Saved by BEARAND
3104 views
Uploaded 2020-03-17 22:06:10
Game version 1.32.2
7:18 long 4on4 ladder game on (8)GoldRush


53 units @ 4k
/ 0k
84 buildings @ 7k
/ 3.1k


| Healing Salve | 1 | 100 |
| total: | 1 | 100g |
| Peasant | 13 | 975 | / | 0 |
| total: | 13 | 975g | / | 0w |
| Scout Tower | 18 | 540 | / | 360 |
| Arcane Tower | 2 | 140 | / | 100 |
| Guard Tower | 12 | 840 | / | 600 |
| Altar of Kings | 1 | 180 | / | 50 |
| Farm | 4 | 320 | / | 80 |
| Lumber Mill | 1 | 120 | / | 0 |
| Arcane Vault | 1 | 130 | / | 30 |
| Keep | 1 | 320 | / | 210 |
| total: | 25 | 1290g | / | 520w |
| 0:02 | Peasant |
| 0:02 | Peasant |
| 0:02 | Peasant |
| 0:08 | Altar of Kings |
| 0:20 | Farm |
| 0:25 | Peasant |
| 0:34 | Peasant |
| 0:38 | Lumber Mill |
| 0:45 | Peasant |
| 1:13 | Peasant |
| 1:26 | Peasant |
| 1:34 | Farm |
| 1:37 | Peasant |
| 2:06 | Blizzard |
| 2:10 | Scout Tower |
| 2:12 | Improved Masonry |
| 2:16 | Scout Tower |
| 2:17 | Scout Tower |
| 2:31 | Peasant |
| 2:31 | Peasant |
| 2:31 | Peasant |
| 2:32 | Peasant |
| 2:56 | Arcane Tower |
| 2:57 | Guard Tower |
| 2:58 | Scout Tower |
| 2:58 | Scout Tower |
| 3:13 | Arcane Tower |
| 3:15 | Scout Tower |
| 3:47 | Guard Tower |
| 3:50 | Keep |
| 3:52 | Guard Tower |
| 3:53 | Scout Tower |
| 3:54 | Scout Tower |
| 4:21 | Scout Tower |
| 4:21 | Scout Tower |
| 4:29 | Guard Tower |
| 4:30 | Farm |
| 4:30 | Farm |
| 4:36 | Guard Tower |
| 4:40 | Scout Tower |
| 4:41 | Scout Tower |
| 4:54 | Guard Tower |
| 4:57 | Scout Tower |
| 4:57 | Scout Tower |
| 5:06 | Arcane Vault |
| 5:15 | Guard Tower |
| 5:17 | Guard Tower |
| 5:51 | Healing Salve |
| 5:59 | Scout Tower |
| 6:00 | Scout Tower |
| 6:14 | Advanced Masonry |
| 7:01 | Brilliance Aura |
| 7:06 | Scout Tower |
| 7:06 | Scout Tower |
| 7:07 | Guard Tower |
| 7:09 | Storm Bolt |
| Right click | 628 |
| Select | 128 |
| Select group | 99 |
| Build/train/purchase | 53 |
| Use ability | 16 |
| Assign group | 5 |
| Minimap ping | 4 |

| Circlet of Nobility | 1 | 175 |
| Staff of Teleportation | 1 | 150 |
| Boots of Speed | 1 | 250 |
| total: | 3 | 575g |
| Peon | 10 | 750 | / | 0 |
| total: | 10 | 750g | / | 0w |
| Watch Tower | 11 | 1210 | / | 880 |
| Altar of Storms | 1 | 180 | / | 50 |
| Orc Burrow | 2 | 320 | / | 80 |
| War Mill | 1 | 205 | / | 0 |
| Voodoo Lounge | 1 | 130 | / | 30 |
| Stronghold | 2 | 630 | / | 380 |
| Fortress | 1 | 325 | / | 190 |
| total: | 16 | 2045g | / | 1040w |
| 0:03 | Peon |
| 0:03 | Peon |
| 0:05 | Altar of Storms |
| 0:09 | Orc Burrow |
| 0:32 | War Mill |
| 0:42 | Peon |
| 0:53 | Peon |
| 1:13 | Peon |
| 1:14 | Peon |
| 1:38 | Peon |
| 1:38 | Peon |
| 2:05 | Wind Walk |
| 2:13 | Spiked Barricades |
| 2:14 | Peon |
| 2:38 | Watch Tower |
| 2:48 | Watch Tower |
| 2:49 | Peon |
| 2:51 | Orc Burrow |
| 3:29 | Watch Tower |
| 3:33 | Watch Tower |
| 3:39 | Watch Tower |
| 4:18 | Stronghold |
| 4:32 | Watch Tower |
| 5:02 | Watch Tower |
| 5:30 | Watch Tower |
| 5:31 | Watch Tower |
| 5:33 | Circlet of Nobility |
| 5:34 | Staff of Teleportation |
| 5:34 | Boots of Speed |
| 5:44 | Watch Tower |
| 6:40 | Fortress |
| 6:52 | Watch Tower |
| 7:05 | Voodoo Lounge |
| Right click | 350 |
| Select group | 106 |
| Select | 84 |
| Build/train/purchase | 28 |
| Minimap ping | 6 |
| Assign group | 4 |
| Use ability | 3 |
| Item give/drop | 2 |

| Healing Salve | 2 | 200 |
| Lesser Clarity Potion | 1 | 70 |
| Staff of Teleportation | 1 | 150 |
| total: | 4 | 420g |
| Peon | 13 | 975 | / | 0 |
| total: | 13 | 975g | / | 0w |
| Watch Tower | 10 | 1100 | / | 800 |
| Altar of Storms | 1 | 180 | / | 50 |
| Orc Burrow | 2 | 320 | / | 80 |
| War Mill | 1 | 205 | / | 0 |
| Voodoo Lounge | 5 | 650 | / | 150 |
| Stronghold | 1 | 315 | / | 190 |
| total: | 19 | 2455g | / | 1080w |
| 0:01 | Peon |
| 0:03 | Altar of Storms |
| 0:06 | Peon |
| 0:19 | Orc Burrow |
| 0:27 | Peon |
| 0:40 | Peon |
| 0:49 | Peon |
| 0:58 | Peon |
| 1:05 | War Mill |
| 1:17 | Voodoo Lounge |
| 1:23 | Peon |
| 1:23 | Peon |
| 2:09 | Peon |
| 2:16 | Watch Tower |
| 2:20 | Watch Tower |
| 2:24 | Wind Walk |
| 2:45 | Watch Tower |
| 3:20 | Voodoo Lounge |
| 3:25 | Peon |
| 3:26 | Peon |
| 3:37 | Orc Burrow |
| 4:00 | Voodoo Lounge |
| 4:05 | Watch Tower |
| 4:07 | Watch Tower |
| 4:10 | Voodoo Lounge |
| 4:11 | Voodoo Lounge |
| 4:16 | Watch Tower |
| 4:34 | Peon |
| 4:35 | Peon |
| 5:09 | Healing Salve |
| 5:09 | Lesser Clarity Potion |
| 5:11 | Healing Salve |
| 5:15 | Watch Tower |
| 5:17 | Watch Tower |
| 5:34 | Stronghold |
| 5:45 | Staff of Teleportation |
| 5:57 | Watch Tower |
| 5:59 | Watch Tower |
| Right click | 496 |
| Select | 148 |
| Build/train/purchase | 31 |
| Select group | 31 |
| Assign group | 29 |
| Use ability | 7 |
| Minimap ping | 4 |
| Misc. action | 1 |

| Scroll of Regeneration | 1 | 100 |
| total: | 1 | 100g |
| Peasant | 17 | 1275 | / | 0 |
| total: | 17 | 1275g | / | 0w |
| Scout Tower | 18 | 540 | / | 360 |
| Arcane Tower | 2 | 140 | / | 100 |
| Guard Tower | 9 | 630 | / | 450 |
| Altar of Kings | 1 | 180 | / | 50 |
| Lumber Mill | 1 | 120 | / | 0 |
| Farm | 3 | 240 | / | 60 |
| Arcane Vault | 1 | 130 | / | 30 |
| Keep | 1 | 320 | / | 210 |
| total: | 24 | 1210g | / | 500w |
| 0:01 | Peasant |
| 0:03 | Altar of Kings |
| 0:11 | Peasant |
| 0:17 | Lumber Mill |
| 0:18 | Peasant |
| 0:33 | Farm |
| 0:34 | Peasant |
| 0:55 | Peasant |
| 1:11 | Farm |
| 1:12 | Peasant |
| 1:19 | Peasant |
| 1:22 | Improved Masonry |
| 1:26 | Scout Tower |
| 1:29 | Peasant |
| 1:52 | Arcane Tower |
| 1:53 | Scout Tower |
| 1:54 | Peasant |
| 2:05 | Summon Water Elemental |
| 2:09 | Peasant |
| 2:12 | Scout Tower |
| 2:20 | Guard Tower |
| 2:24 | Scout Tower |
| 2:25 | Peasant |
| 2:45 | Scout Tower |
| 2:50 | Scout Tower |
| 2:51 | Guard Tower |
| 2:57 | Peasant |
| 2:57 | Peasant |
| 3:13 | Guard Tower |
| 3:16 | Scout Tower |
| 3:17 | Scout Tower |
| 3:23 | Peasant |
| 3:34 | Guard Tower |
| 3:53 | Guard Tower |
| 3:58 | Arcane Tower |
| 3:59 | Peasant |
| 3:59 | Peasant |
| 4:14 | Scout Tower |
| 4:16 | Peasant |
| 4:31 | Scout Tower |
| 4:51 | Scout Tower |
| 4:54 | Keep |
| 4:56 | Scout Tower |
| 5:08 | Arcane Vault |
| 5:13 | Scout Tower |
| 5:15 | Farm |
| 5:25 | Guard Tower |
| 5:46 | Scout Tower |
| 5:48 | Scout Tower |
| 6:14 | Scroll of Regeneration |
| 6:18 | Guard Tower |
| 6:20 | Scout Tower |
| 6:58 | Scout Tower |
| 6:59 | Scout Tower |
| 7:05 | Brilliance Aura |
| 7:14 | Guard Tower |
| Right click | 452 |
| Assign group | 244 |
| Select | 185 |
| Select group | 126 |
| Build/train/purchase | 60 |
| Chat | 7 |
| Misc. action | 6 |
| Item give/drop | 1 |
60 units @ 6.3k
/ 0.1k
37 buildings @ 5.2k
/ 1.3k

| Rod of Necromancy | 1 | 150 |
| total: | 1 | 150g |
| Peasant | 11 | 825 | / | 0 |
| Footman | 4 | 540 | / | 0 |
| total: | 15 | 1365g | / | 0w |
| Scout Tower | 4 | 120 | / | 80 |
| Arcane Tower | 1 | 70 | / | 50 |
| Guard Tower | 2 | 140 | / | 100 |
| Altar of Kings | 1 | 180 | / | 50 |
| Barracks | 1 | 160 | / | 60 |
| Farm | 4 | 320 | / | 80 |
| Lumber Mill | 1 | 120 | / | 0 |
| Arcane Vault | 1 | 130 | / | 30 |
| Keep | 1 | 320 | / | 210 |
| total: | 12 | 1030g | / | 300w |
| 0:01 | Peasant |
| 0:01 | Peasant |
| 0:03 | Altar of Kings |
| 0:17 | Barracks |
| 0:25 | Farm |
| 0:27 | Peasant |
| 0:33 | Peasant |
| 0:41 | Peasant |
| 0:53 | Farm |
| 1:03 | Peasant |
| 1:19 | Footman |
| 1:32 | Peasant |
| 1:45 | Footman |
| 1:50 | Peasant |
| 2:03 | Storm Bolt |
| 2:05 | Footman |
| 2:14 | Farm |
| 2:26 | Scout Tower |
| 2:40 | Arcane Tower |
| 3:33 | Footman |
| 3:41 | Lumber Mill |
| 4:00 | Arcane Vault |
| 4:22 | Peasant |
| 4:22 | Peasant |
| 4:33 | Peasant |
| 4:53 | Defend |
| 5:12 | Keep |
| 5:13 | Scout Tower |
| 5:16 | Scout Tower |
| 5:28 | Improved Masonry |
| 5:29 | Farm |
| 5:41 | Rod of Necromancy |
| 6:02 | Guard Tower |
| 6:24 | Scout Tower |
| Select group | 319 |
| Right click | 257 |
| Select | 198 |
| Build/train/purchase | 63 |
| Assign group | 37 |
| Misc. action | 9 |
| Use ability | 9 |
| Esc | 2 |
| Minimap ping | 2 |

| Potion of Healing | 1 | 150 |
| Potion of Mana | 1 | 200 |
| Healing Salve | 1 | 100 |
| Lesser Clarity Potion | 1 | 70 |
| total: | 4 | 520g |
| Peon | 9 | 675 | / | 0 |
| Grunt | 4 | 800 | / | 0 |
| Demolisher | 3 | 660 | / | 150 |
| total: | 16 | 2135g | / | 150w |
| Watch Tower | 1 | 110 | / | 80 |
| Altar of Storms | 1 | 180 | / | 50 |
| Orc Burrow | 3 | 480 | / | 120 |
| Barracks | 2 | 360 | / | 100 |
| War Mill | 1 | 205 | / | 0 |
| Voodoo Lounge | 1 | 130 | / | 30 |
| Stronghold | 1 | 315 | / | 190 |
| total: | 9 | 1465g | / | 380w |
| 0:02 | Peon |
| 0:02 | Peon |
| 0:05 | Altar of Storms |
| 0:07 | Orc Burrow |
| 0:16 | Peon |
| 0:34 | Barracks |
| 0:36 | Peon |
| 0:47 | Peon |
| 1:07 | Peon |
| 1:17 | War Mill |
| 1:24 | Peon |
| 1:39 | Peon |
| 1:52 | Orc Burrow |
| 1:56 | Peon |
| 2:07 | Grunt |
| 2:07 | Grunt |
| 2:29 | Voodoo Lounge |
| 2:34 | Feral Spirit |
| 2:53 | Stronghold |
| 4:01 | Grunt |
| 4:03 | Steel Melee Weapons |
| 4:33 | Grunt |
| 4:58 | Orc Burrow |
| 5:05 | Watch Tower |
| 5:14 | Demolisher |
| 5:45 | Barracks |
| 6:05 | Potion of Healing |
| 6:05 | Potion of Mana |
| 6:05 | Healing Salve |
| 6:06 | Lesser Clarity Potion |
| 6:21 | Demolisher |
| 6:56 | Demolisher |
| Right click | 342 |
| Select | 168 |
| Build/train/purchase | 42 |
| Select group | 9 |
| Assign group | 4 |
| Misc. action | 3 |
| Remove unit | 3 |
| Use ability | 2 |
| Minimap ping | 1 |

| Rod of Necromancy | 1 | 150 |
| Dust of Appearance | 1 | 75 |
| total: | 2 | 225g |
| Acolyte | 5 | 375 | / | 0 |
| Ghoul | 9 | 1080 | / | 0 |
| total: | 14 | 1455g | / | 0w |
| Nerubian Tower | 1 | 100 | / | 20 |
| Crypt | 2 | 400 | / | 100 |
| Ziggurat | 4 | 600 | / | 200 |
| Altar of Darkness | 1 | 180 | / | 50 |
| Tomb of Relics | 1 | 130 | / | 30 |
| Graveyard | 1 | 215 | / | 0 |
| total: | 9 | 1525g | / | 380w |
| 0:04 | Acolyte |
| 0:04 | Acolyte |
| 0:11 | Crypt |
| 0:14 | Ziggurat |
| 0:30 | Acolyte |
| 0:54 | Crypt |
| 1:02 | Ziggurat |
| 1:13 | Ghoul |
| 1:28 | Ghoul |
| 1:45 | Ghoul |
| 1:58 | Altar of Darkness |
| 2:15 | Ziggurat |
| 2:21 | Ghoul |
| 2:33 | Ghoul |
| 2:45 | Tomb of Relics |
| 3:09 | Graveyard |
| 3:31 | Nerubian Tower |
| 4:06 | Dust of Appearance |
| 4:07 | Rod of Necromancy |
| 4:09 | Death Coil |
| 4:21 | Acolyte |
| 4:32 | Ghoul |
| 4:33 | Ghoul |
| 4:44 | Acolyte |
| 5:12 | Ghoul |
| 5:12 | Ghoul |
| 6:20 | Ziggurat |
| Right click | 436 |
| Select | 153 |
| Assign group | 23 |
| Build/train/purchase | 22 |
| Use ability | 5 |
| Minimap ping | 4 |
| Resource trade | 4 |

| Rod of Necromancy | 2 | 300 |
| total: | 2 | 300g |
| Acolyte | 10 | 750 | / | 0 |
| Ghoul | 5 | 600 | / | 0 |
| total: | 15 | 1350g | / | 0w |
| Nerubian Tower | 1 | 100 | / | 20 |
| Spirit Tower | 1 | 145 | / | 40 |
| Altar of Darkness | 1 | 180 | / | 50 |
| Ziggurat | 3 | 450 | / | 150 |
| Tomb of Relics | 1 | 130 | / | 30 |
| Crypt | 1 | 200 | / | 50 |
| Graveyard | 1 | 215 | / | 0 |
| total: | 7 | 1175g | / | 280w |
| 0:07 | Acolyte |
| 0:07 | Acolyte |
| 0:12 | Altar of Darkness |
| 0:15 | Ziggurat |
| 0:26 | Tomb of Relics |
| 0:51 | Crypt |
| 1:12 | Graveyard |
| 1:23 | Nerubian Tower |
| 1:42 | Ziggurat |
| 1:59 | Ghoul |
| 2:05 | Ghoul |
| 2:13 | Carrion Beetles |
| 2:19 | Rod of Necromancy |
| 2:34 | Ghoul |
| 3:05 | Acolyte |
| 3:05 | Acolyte |
| 3:06 | Acolyte |
| 3:06 | Acolyte |
| 3:06 | Acolyte |
| 4:35 | Rod of Necromancy |
| 5:00 | Ghoul |
| 5:25 | Acolyte |
| 5:56 | Ziggurat |
| 6:22 | Acolyte |
| 6:22 | Acolyte |
| 6:25 | Spirit Tower |
| 6:42 | Ghoul |
| Right click | 152 |
| Select | 93 |
| Build/train/purchase | 34 |
| Minimap ping | 2 |
| Use ability | 1 |
⇛